 Dungeon Crawl Stone Soup version 0.27.1-35-g4d5d836560 (webtiles) character file.

Game seed: 14627605469143719049

197 Delamore the Covert (level 5, -2/34 HPs)
             Began as an Octopode Brigand on Mar 1, 2022.
             Slain by Duvessa (7 damage)
             ... on level 4 of the Dungeon.
             The game lasted 00:03:22 (3581 turns).

Delamore the Covert (Octopode Brigand)              Turns: 3581, Time: 00:03:23

Health: -2/34      AC:  1    Str: 11    XL:     5   Next: 75%
Magic:  5/5        EV: 12    Int: 13    God:
Gold:   78         SH:  3    Dex: 14    Spells: 4/4 levels left

rFire    . . .     SeeInvis .   a - +2 dagger
rCold    . . .     Faith    .   f - +0 buckler
rNeg     . . .     Spirit   .   (helmet restricted)
rPois    .         Reflect  .   (no amulet)
rElec    .         Harm     .   (no ring)
rCorr    .         Rampage  .   (no ring)
Will     .....                  (no ring)
Stlth    +++++.....             (no ring)
HPRegen  0.11/turn              (no ring)
MPRegen  0.09/turn              (no ring)
                                (no ring)
                                (no ring)

@: no status effects
A: almost no armour, amphibious, 8 rings, camouflage 1, gelatinous body 1,
(nimble swimmer 1), tentacles
a: no special abilities


You were on level 4 of the Dungeon.
You visited 1 branch of the dungeon, and saw 4 of its levels.

You collected 78 gold pieces.

Inventory:

Hand Weapons
 a - a +2 dagger (weapon)
Missiles
 b - 36 poisoned darts (quivered)
Armour
 f - a +0 buckler (worn)
Scrolls
 d - 3 scrolls of enchant armour
 e - a scroll of enchant weapon
 g - a scroll of vulnerability
 h - a scroll of noise {unknown}
 i - a scroll of amnesia {unknown}
 n - a scroll of blinking {unknown}
 o - a scroll of fear {unknown}
 p - a scroll of teleportation {unknown}
 q - a scroll of torment {unknown}
Potions
 j - a potion of degeneration {unknown}
 k - a potion of curing {unknown}
 l - a potion of cancellation {unknown}
 m - a potion of invisibility {unknown}
 r - 2 potions of haste {unknown}


   Skills:
 - Level 2.0 Fighting
 + Level 3.3 Short Blades
 - Level 2.0 Throwing
 - Level 1.0 Dodging
 * Level 8.6 Stealth
 + Level 0.1 Shields


You had 4 spell levels left.
You didn't know any spells.
Your spell library was empty.

Dungeon Overview and Level Annotations

Branches:
Dungeon (4/15)
 Temple: D:4-7

Altars:
Nemelex Xobeh

Shops:
D:3 !

Annotations:
D:4 Dowan, Duvessa, Edmund


Innate Abilities, Weirdness & Mutations

You cannot wear most types of armour.
You are amphibious.
You can wear up to eight rings at the same time.
Your skin changes colour to match your surroundings (Stealth+).
Your rubbery body absorbs attacks. (AC +1, EV +1)
((You are camouflaged near water. (Stealth+)))
You have tentacles for arms and can constrict up to eight enemies at once.


Message History

You throw a poisoned dart.
The poisoned dart barely misses Duvessa.
Dowan gestures wildly while chanting.
Dowan blinks!
You hit Duvessa but do no damage. You grab Duvessa.
Duvessa is moderately wounded.
You constrict Duvessa, but do no damage.
Duvessa barely misses you.
You hit Duvessa but do no damage.
Duvessa is moderately wounded.
You constrict Duvessa, but do no damage.
Duvessa hits you with a +2 rapier of protection.
You hit Duvessa but do no damage. You squeeze Duvessa.
Duvessa is heavily wounded.
You constrict Duvessa, but do no damage.
You hit Duvessa. You squeeze Duvessa!
Duvessa is severely wounded.
You constrict Duvessa, but do no damage.
Duvessa hits you with a +2 rapier of protection.
You hit Duvessa but do no damage.
Duvessa is severely wounded.
You constrict Duvessa, but do no damage.
You block Duvessa's attack.
You hit Duvessa but do no damage.
Duvessa is severely wounded.
You constrict Duvessa, but do no damage.
Duvessa hits you with a +2 rapier of protection!!
Ouch! That really hurt!
* * * LOW HITPOINT WARNING * * *
You release your grip on Duvessa.
Duvessa looks more healthy.
You hit Duvessa but do no damage. You grab Duvessa.
Duvessa is severely wounded.
You constrict Duvessa, but do no damage.
Duvessa hits you with a +2 rapier of protection.
* * * LOW HITPOINT WARNING * * *
You hit Duvessa but do no damage. You squeeze Duvessa.
Duvessa is almost dead.
You constrict Duvessa, but do no damage.
Duvessa hits you with a +2 rapier of protection!
You die...

#.. #.# #.# #.#
#.# #.# #<# #.#
#@# #e# #.###
#...# ###.# #
#(# #.# #(#
.S..### #.#
...e...######.#


You could see Duvessa (fast, slow).

Vanquished Creatures
  Terence (D:2)
  2 orc wizards (D:3)
  4 adders (D:3)
  An ufetubus (D:4)
  A worm (D:2)
  A dart slug (D:2)
  5 orcs (D:3)
  4 bats
  7 endoplasms
  4 giant cockroaches
  8 goblins
  2 hobgoblins
  5 jackals
  10 kobolds
  4 quokkas
  3 ball pythons
  3 frilled lizards
  5 rats
70 creatures vanquished.

Notes
Turn   | Place    | Note
-------+----------+-------------------------------------------
     0 | D:1      | Delamore the Octopode Brigand began the quest for the Orb.
     0 | D:1      | Reached XP level 1. HP: 14/14 MP: 1/1
   228 | D:1      | Reached XP level 2. HP: 9/19 MP: 2/2
   404 | D:1      | Reached skill level 6 in Stealth
   774 | D:1      | Found a faded altar of an unknown god.
   881 | D:1      | Reached XP level 3. HP: 23/24 MP: 3/3
  1470 | D:2      | Found a sparkling altar of Nemelex Xobeh.
  1508 | D:2      | Reached skill level 7 in Stealth
  1820 | D:2      | Noticed Terence
  1863 | D:2      | Killed Terence
  1864 | D:2      | Reached XP level 4. HP: 26/29 MP: 4/4
  2756 | D:3      | Reached skill level 8 in Stealth
  2756 | D:3      | Reached XP level 5. HP: 34/34 MP: 5/5
  2853 | D:3      | Found Onano's Distillery.
  3258 | D:4      | Noticed Edmund
  3556 | D:4      | Noticed Duvessa
  3556 | D:4      | Noticed Dowan
  3581 | D:4      | Slain by Duvessa

Illustrated notes

Levels and vault maps discovered:
D:1:      dpeg_arrival_radiant, layout_basic,
          shapermc_ecumenical_altar_totnotflames, roderic_roman_lattice
D:2:      layout_rooms, basic_altar, chequers_serial_rivers_micro_e,
          chequers_arboretum, serial_bayou_crossing, uniq_terence
D:3:      layout_basic, serial_shops, nicolae_shop_competitors_out_of_business
D:4:      layout_loops_ring, chequers_temple_overflow_minitemple,
          mainiacjoe_overflow_24_doors, st_stairs_7, uniq_edmund, uniq_duvessa

Skill      XL: |  1  2  3  4 |
---------------+-------------+-----
Stealth        | 6 7 8 |  8.6
Short Blades   | 3 |  3.3
Fighting       | |  2.0
Throwing       | |  2.0
Dodging        | |  1.0
Shields        | |  0.1

Action                   |  1- 3 |  4- 6 || total
-------------------------+-------+-------++-------
Melee: Dagger            |    84 |    68 ||   152
       Constrict         |    16 |    17 ||    33
       Tentacles         |    18 |    13 ||    31
Throw: Dart              |     1 |     3 ||     4
  Use: Scroll            |     3 |       ||     3
 Stab: Sleeping          |     9 |     8 ||    17
Armor: Skin              |     4 |     4 ||     8
Dodge: Dodged            |    43 |    34 ||    77
Block: Buckler           |     5 |    13 ||    18
